 Dungeon Crawl Stone Soup version 0.30.1-4-g462c640d31 (webtiles) character file.

Game seed: 3251944796736174190

220 ChrisAssaf the Chopper (level 5, 0/46 HPs)
             Began as a Draconian Monk on Aug 12, 2023.
             Slain by an orc
             ... wielding a +0 flail
              (6 damage)
             ... on level 4 of the Dungeon.
             The game lasted 00:03:28 (774 turns).

ChrisAssaf the Chopper (Draconian Monk)              Turns: 774, Time: 00:03:29

Health: 0/46       AC:  5    Str: 14    XL:     5   Next: 64%
Magic:  7/7        EV: 13    Int:  9    God:
Gold:   110        SH:  0    Dex: 18    Spells: 6/6 levels left

rFire   . . .        a - +1 hand axe
rCold   . . .        c - orb {light}
rNeg    . . .        (body armour unavailable)
rPois   .            (helmet restricted)
rElec   +            (no cloak)
rCorr   .            (no gloves)
SInv    .            (no boots)
Will    .....        (no amulet)
Stlth   +            (no ring)
HPRegen 0.27/turn    (no ring)
MPRegen 0.10/turn

%: no passive effects
@: glowing
A: AC +5, unfitting armour, cold-blooded, agile 1, electricity resistance
a: no special abilities


You were on level 4 of the Dungeon.
You visited 1 branch of the dungeon, and saw 4 of its levels.

You collected 110 gold pieces.

Inventory:

Hand Weapons
 a - a +1 hand axe (weapon)
Armour
 c - an orb of light (worn)
Scrolls
 d - a scroll of enchant armour
 f - a scroll of immolation
Potions
 b - a potion of ambrosia
 e - a potion of curing {unknown}
 g - 3 potions of might
 h - a potion of magic


   Skills:
 * Level 4.2 Fighting
 * Level 4.7 Axes
 * Level 3.5 Dodging
 * Level 1.2 Stealth
 * Level 1.3 Spellcasting


You had 6 spell levels left.
You didn't know any spells.
Your spell library contained the following spells:

 Spells                   Type           Power      Damage    Failure   Level
 Summon Forest            Summ/Tloc      0%         N/A       100%        5
 Eringya's Noxious Bog    Tmut/Pois      0%         N/A       100%        6
 Summon Hydra             Summ           0%         N/A       100%        7


Dungeon Overview and Level Annotations

Branches:
Dungeon (4/15)
 Temple: D:4-7

Altars:

Annotations:
D:3 1 runed translucent door, Taurus's ghost, amateur MiFi


Innate Abilities, Weirdness & Mutations

Your plain brown scales are hard. (AC +5)
You cannot fit into any form of body armour.
You are cold-blooded and may be slowed by cold attacks.
You are agile. (Dex +4, Str/Int -1)
You are resistant to electric shocks. (rElec)


Message History

An orc comes into view. It is wielding a +0 flail.
You see here an adder corpse.
You feel a little less mighty now.
Found a stone staircase leading down.
Your resistance to elements expires.
The orc hits you with a +0 flail.
You hit the orc but do no damage. The orc closely misses you.
You hit the orc but do no damage.
You tail-slap the orc, but do no damage.
The orc closely misses you.
You hit the orc but do no damage.
You tail-slap the orc, but do no damage.
The orc hits you with a +0 flail.
You hit the orc but do no damage. The orc barely misses you.
You hit the orc but do no damage.
You tail-slap the orc, but do no damage.
The orc barely misses you.
You hit the orc.
The orc is lightly wounded.
The orc hits you with a +0 flail!
* * * LOW HITPOINT WARNING * * *
You hit the orc.
The orc is severely wounded.
The orc barely misses you.
You hit the orc but do no damage.
You tail-slap the orc, but do no damage.
The orc is severely wounded.
The orc hits you with a +0 flail.
* * * LOW HITPOINT WARNING * * *
You hit the orc but do no damage.
The orc is severely wounded.
The orc hits you but does no damage.
You hit the orc.
You tail-slap the orc, but do no damage.
The orc is almost dead.
The orc closely misses you.
You hit the orc but do no damage.
Your tail-slap misses the orc.
The orc is almost dead.
The orc hits you with a +0 flail.
You die...

....#### .......#
.......# .......#
#####++# #
.......####.#....###.#
............#..#.....###
............#..#........
............#..#.##>####
).............†o@# #
†......#####.....+
...##### #.....# ...+
#.....# ...# #.......
#### .......###
........# ........#


You could see an orc.

Vanquished Creatures
  A black bear (D:4)
  Jessica (D:2)
  2 orc wizards (D:4)
  2 adders
  A worm (D:3)
  3 orcs
  3 bats
  3 endoplasms
  3 giant cockroaches
  5 goblins
  3 hobgoblins
  4 kobolds
  2 quokkas (D:2)
  2 frilled lizards (D:1)
35 creatures vanquished.

Notes
Turn   | Place    | Note
-------+----------+-------------------------------------------
     0 | D:1      | ChrisAssaf the Draconian Monk began the quest for the Orb.
     0 | D:1      | Reached XP level 1. HP: 19/19 MP: 1/1
   109 | D:1      | Reached XP level 2. HP: 26/26 MP: 2/2
   302 | D:2      | Noticed Jessica
   307 | D:2      | Reached XP level 3. HP: 11/31 MP: 3/3
   307 | D:2      | Killed Jessica
   499 | D:3      | Found a runed translucent door.
   501 | D:3      | Noticed Taurus's ghost (amateur MiFi)
   563 | D:3      | Reached XP level 4. HP: 40/40 MP: 5/5
   708 | D:4      | Noticed a black bear
   719 | D:4      | Gained mutation: You are agile. (Dex +4, Str/Int -1)
                  | [potion of mutation]
   719 | D:4      | Gained mutation: You are resistant to electric shocks.
                  | (rElec) [potion of mutation]
   723 | D:4      | Reached skill level 1 in Spellcasting
   727 | D:4      | Killed a black bear
   728 | D:4      | Reached skill level 1 in Stealth
   728 | D:4      | Reached XP level 5. HP: 13/46 MP: 6/6
   774 | D:4      | Slain by an orc

Illustrated notes

Levels and vault maps discovered:
D:1:      dpeg_arrival_renting, layout_rooms, minmay_tall_x
D:2:      layout_rooms, serial_bayou_lagoon_a, kennysheep_jessica_study,
          uniq_natasha
D:3:      layout_basic, bloody_makhleb, gammafunk_ghost_grave
D:4:      layout_basic, portal_sewer_entry_f, dk_noncrumbling_2, kennysheep_dice

Skill      XL: |  1  2  3  4 |
---------------+-------------+-----
Dodging        | 3 |  3.5
Axes           | 4 |  4.7
Spellcasting   | 1 |  1.3
Fighting       | 4 |  4.2
Stealth        | 1 |  1.2

Action                     |  1- 3 |  4- 6 || total
---------------------------+-------+-------++-------
  Melee: Hand axe          |    66 |    28 ||    94
         Tailslap          |     9 |     7 ||    16
    Use: Scroll            |     1 |     6 ||     7
         Potion            |       |     5 ||     5
 Armour: Skin              |    37 |    20 ||    57
  Dodge: Dodged            |    45 |    44 ||    89
